[ PARTIDA AOE2 · #494577953 ]
UnrankedKitán vs Maya
[ ANÁLISIS DE REPETICIÓN · EXTRAÍDO DE LA PARTIDA GRABADA ]
Feudal
12:11
Castillos
—
Imperial
—
| APM promedio | 39.3 |
| APM pico | 69 |
| eAPM promedio | 20.3 |
| Aldeanos / militares | 30 / 7 |
Foco
⚔️ 27.1% · 🌾 72.9%
Scout Cavalry ×7
Feudal
13:24
Castillos
—
Imperial
—
| APM promedio | 29.5 |
| APM pico | 70 |
| eAPM promedio | 8.1 |
| Aldeanos / militares | 31 / 0 |
Foco
⚔️ 11.3% · 🌾 88.7%
Feudal
14:57
Castillos
—
Imperial
—
| APM promedio | 23.1 |
| APM pico | 45 |
| eAPM promedio | 10.3 |
| Aldeanos / militares | 26 / 0 |
Foco
⚔️ 13.9% · 🌾 86.1%
Feudal
14:49
Castillos
—
Imperial
—
| APM promedio | 25.4 |
| APM pico | 55 |
| eAPM promedio | 7.2 |
| Aldeanos / militares | 23 / 0 |
Foco
⚔️ 8.3% · 🌾 91.7%
Feudal
12:47
Castillos
—
Imperial
—
| APM promedio | 16.1 |
| APM pico | 34 |
| eAPM promedio | 10.1 |
| Aldeanos / militares | 36 / 9 |
Foco
⚔️ 19.3% · 🌾 80.7%
Archer ×9
Feudal
15:28
Castillos
—
Imperial
—
| APM promedio | 41.1 |
| APM pico | 65 |
| eAPM promedio | 20.3 |
| Aldeanos / militares | 27 / 2 |
Foco
⚔️ 11.3% · 🌾 88.7%
Militia ×2
Mapa de la partida
Recursos iniciales + cada clic de construcción. Líneas = muros · curvas = relieve. ◆ oro · ⬟ piedra · ● bayas · ✦ reliquia · ◌ hueco del cierre
Tu base· Abierta — flanco sin cerrar
Base de abduulah4140· Abierta — flanco sin cerrar
Base de Raya· Abierta — flanco sin cerrar
Base de StopUseHack· Abierta — flanco sin cerrar
Base de LRNI_robotech· Abierta — flanco sin cerrar
Base de 平安喜乐· Abierta — hueco de 7t
Terreno inicial suavizado · ◌ = hueco del cierre detectado · pasá el cursor para detalles
Inputs por minuto
— LRNI_UzuI - - abduulah4140
Build order — LRNI_UzuI
56 acciones detectadas en el replay
| 0:48 | Construir | Town Center |
| 1:32 | Construir | House |
| 1:33 | Construir | House |
| 2:54 | Crear | Villager (Male) ×4 |
| 2:55 | Crear | Villager (Male) ×4 |
| 3:58 | Crear | Villager (Male) |
| 3:58 | Crear | Villager (Male) |
| 4:40 | Crear | Villager (Male) |
| 4:40 | Crear | Villager (Male) |
| 5:03 | Construir | Lumber Camp |
| 5:05 | Crear | Villager (Male) |
| 5:05 | Crear | Villager (Male) |
| 5:47 | Crear | Villager (Male) |
| 6:05 | Crear | Villager (Male) |
| 6:18 | Crear | Villager (Male) |
| 6:30 | Construir | House |
| 6:47 | Crear | Villager (Male) |
| 7:27 | Crear | Villager (Male) |
| 7:53 | Construir | Mill |
| 7:56 | Crear | Villager (Male) |
| 8:12 | Crear | Villager (Male) |
| 8:43 | Crear | Villager (Male) |
| 8:50 | Crear | Villager (Male) |
| 8:50 | Investigar | Loom |
| 9:57 | Investigar | Feudal Age |
| 10:06 | Construir | House |
| 10:42 | Construir | Mill |
| 10:52 | Construir | Barracks |
| 11:57 | Crear | Villager (Male) |
| 12:11 | Edad | Edad Feudal |
| 12:17 | Construir | Stable |
| 12:32 | Construir | Blacksmith |
| 12:41 | Crear | Villager (Male) |
| 13:01 | Investigar | Double-Bit Axe |
| 13:02 | Crear | Villager (Male) |
| 13:10 | Investigar | Forging |
| 13:10 | Investigar | Forging |
| 13:11 | Crear | Scout Cavalry |
| 13:11 | Crear | Scout Cavalry |
| 13:26 | Construir | House |
| 13:30 | Construir | Palisade Wall |
| 13:39 | Crear | Scout Cavalry |
| 13:39 | Crear | Scout Cavalry |
| 13:55 | Construir | Pasture |
| 14:06 | Crear | Villager (Male) |
| 14:30 | Crear | Scout Cavalry |
| 15:00 | Crear | Scout Cavalry |
| 15:09 | Construir | Pasture |
| 15:11 | Construir | Pasture |
| 15:19 | Crear | Villager (Male) |
| 15:27 | Construir | House |
| 15:29 | Construir | House |
| 15:31 | Construir | House |
| 15:46 | Crear | Scout Cavalry |
| 16:10 | Crear | Villager (Male) |
| 16:21 | Crear | Villager (Male) |
Build order — abduulah4140
46 acciones detectadas en el replay
| 0:33 | Construir | Town Center |
| 1:09 | Construir | House |
| 1:12 | Construir | House |
| 2:52 | Investigar | Loom |
| 2:52 | Crear | Villager (Male) |
| 2:52 | Crear | Villager (Male) |
| 2:52 | Crear | Villager (Male) |
| 4:30 | Crear | Villager (Male) |
| 4:30 | Crear | Villager (Male) |
| 4:30 | Crear | Villager (Male) |
| 4:54 | Crear | Villager (Male) |
| 4:54 | Crear | Villager (Male) |
| 4:55 | Crear | Villager (Male) |
| 5:48 | Crear | Villager (Male) |
| 5:48 | Crear | Villager (Male) |
| 5:48 | Crear | Villager (Male) |
| 5:49 | Crear | Villager (Male) |
| 5:49 | Crear | Villager (Male) |
| 6:00 | Construir | Mill |
| 6:59 | Crear | Villager (Male) |
| 7:00 | Crear | Villager (Male) |
| 7:00 | Crear | Villager (Male) |
| 7:00 | Crear | Villager (Male) |
| 7:00 | Crear | Villager (Male) |
| 7:10 | Construir | House |
| 8:19 | Crear | Villager (Male) |
| 8:20 | Crear | Villager (Male) |
| 8:20 | Crear | Villager (Male) |
| 8:46 | Construir | Mill |
| 8:57 | Crear | Villager (Male) |
| 9:14 | Construir | House |
| 9:54 | Crear | Villager (Male) |
| 10:08 | Construir | Mining Camp |
| 10:22 | Crear | Villager (Male) |
| 10:33 | Crear | Villager (Male) |
| 11:05 | Investigar | Feudal Age |
| 12:49 | Construir | House |
| 13:10 | Crear | Villager (Male) |
| 13:11 | Crear | Villager (Male) |
| 13:11 | Crear | Villager (Male) |
| 13:24 | Edad | Edad Feudal |
| 13:31 | Construir | Blacksmith |
| 13:43 | Construir | Market |
| 13:59 | Construir | Mining Camp |
| 15:12 | Crear | Villager (Male) |
| 15:21 | Crear | Villager (Male) |
Build order — Raya
46 acciones detectadas en el replay
| 0:31 | Construir | Town Center |
| 3:04 | Crear | Villager (Male) |
| 3:04 | Crear | Villager (Male) |
| 3:04 | Crear | Villager (Male) |
| 3:58 | Construir | House |
| 4:01 | Construir | House |
| 4:05 | Construir | House |
| 4:24 | Crear | Villager (Male) |
| 4:24 | Crear | Villager (Male) |
| 4:49 | Crear | Villager (Male) |
| 4:49 | Crear | Villager (Male) |
| 4:57 | Construir | Lumber Camp |
| 5:19 | Crear | Villager (Male) |
| 6:11 | Crear | Villager (Male) |
| 6:11 | Crear | Villager (Male) |
| 6:20 | Construir | Palisade Wall |
| 6:40 | Crear | Villager (Male) |
| 7:09 | Crear | Villager (Male) |
| 8:00 | Crear | Villager (Male) |
| 8:15 | Crear | Villager (Male) |
| 8:46 | Crear | Villager (Male) |
| 9:20 | Crear | Villager (Male) |
| 9:21 | Crear | Villager (Male) |
| 9:54 | Crear | Villager (Male) |
| 10:05 | Construir | House |
| 10:11 | Crear | Villager (Male) |
| 10:34 | Crear | Villager (Male) |
| 10:34 | Crear | Villager (Male) |
| 11:07 | Crear | Villager (Male) |
| 11:34 | Crear | Villager (Male) |
| 11:36 | Investigar | Loom |
| 12:16 | Construir | Mining Camp |
| 12:44 | Construir | Mill |
| 12:46 | Crear | Villager (Male) |
| 12:47 | Investigar | Feudal Age |
| 12:47 | Investigar | Feudal Age |
| 13:25 | Construir | House |
| 13:28 | Construir | Palisade Wall |
| 14:32 | Construir | Dock |
| 14:46 | Crear | Villager (Male) |
| 14:57 | Edad | Edad Feudal |
| 15:00 | Construir | Blacksmith |
| 15:38 | Construir | Mill |
| 15:43 | Construir | Mill |
| 15:47 | Crear | Villager (Male) |
| 16:00 | Construir | Barracks |
Build order — StopUseHack
40 acciones detectadas en el replay
| 0:43 | Construir | Town Center |
| 1:54 | Construir | House |
| 1:55 | Construir | House |
| 1:57 | Construir | House |
| 1:58 | Construir | House |
| 2:53 | Investigar | Loom |
| 2:53 | Crear | Villager (Male) |
| 2:53 | Crear | Villager (Male) |
| 2:54 | Crear | Villager (Male) |
| 3:28 | Crear | Villager (Male) |
| 4:12 | Crear | Villager (Male) |
| 5:18 | Crear | Villager (Male) |
| 5:54 | Crear | Villager (Male) |
| 6:11 | Crear | Villager (Male) |
| 6:19 | Construir | Lumber Camp |
| 6:49 | Crear | Villager (Male) |
| 7:05 | Crear | Villager (Male) |
| 7:20 | Crear | Villager (Male) |
| 7:46 | Crear | Villager (Male) |
| 8:11 | Crear | Villager (Male) |
| 8:20 | Crear | Villager (Male) |
| 8:50 | Crear | Villager (Male) |
| 9:30 | Crear | Villager (Male) |
| 9:55 | Crear | Villager (Male) |
| 10:11 | Crear | Villager (Male) |
| 10:26 | Construir | Mill |
| 10:39 | Crear | Villager (Male) |
| 10:46 | Construir | Mining Camp |
| 11:00 | Crear | Villager (Male) |
| 11:20 | Construir | Mill |
| 11:28 | Crear | Villager (Male) |
| 11:34 | Crear | Villager (Male) |
| 12:28 | Investigar | Feudal Age |
| 13:49 | Construir | House |
| 13:52 | Construir | House |
| 13:53 | Construir | House |
| 14:49 | Edad | Edad Feudal |
| 14:55 | Construir | Market |
| 15:15 | Construir | Watch Tower |
| 15:36 | Crear | Villager (Male) |
Build order — LRNI_robotech
59 acciones detectadas en el replay
| 0:33 | Construir | Town Center |
| 2:42 | Crear | Villager (Male) |
| 2:42 | Crear | Villager (Male) |
| 2:43 | Crear | Villager (Male) |
| 3:09 | Crear | Villager (Male) |
| 3:10 | Crear | Villager (Male) |
| 3:36 | Crear | Villager (Male) |
| 3:37 | Crear | Villager (Male) |
| 4:00 | Crear | Villager (Male) |
| 4:01 | Crear | Villager (Male) |
| 4:29 | Construir | Lumber Camp |
| 4:30 | Crear | Villager (Male) |
| 4:30 | Crear | Villager (Male) |
| 4:49 | Crear | Villager (Male) |
| 5:16 | Crear | Villager (Male) |
| 5:40 | Crear | Villager (Male) |
| 5:40 | Crear | Villager (Male) |
| 5:51 | Crear | Villager (Male) |
| 5:52 | Crear | Villager (Male) |
| 6:04 | Crear | Villager (Male) |
| 7:08 | Crear | Villager (Male) |
| 7:23 | Construir | Mill |
| 7:42 | Crear | Villager (Male) |
| 7:42 | Crear | Villager (Male) |
| 7:42 | Crear | Villager (Male) |
| 9:08 | Crear | Villager (Male) |
| 9:09 | Crear | Villager (Male) |
| 9:46 | Crear | Villager (Male) |
| 9:55 | Investigar | Loom |
| 10:18 | Investigar | Feudal Age |
| 10:26 | Construir | Mining Camp |
| 10:55 | Construir | Barracks |
| 11:58 | Construir | Palisade Wall |
| 12:23 | Crear | Villager (Male) |
| 12:23 | Crear | Villager (Male) |
| 12:24 | Crear | Villager (Male) |
| 12:47 | Edad | Edad Feudal |
| 12:50 | Construir | Archery Range |
| 12:52 | Construir | Archery Range |
| 12:58 | Investigar | Double-Bit Axe |
| 13:01 | Crear | Villager (Male) |
| 13:01 | Crear | Villager (Male) |
| 13:36 | Crear | Archer |
| 13:37 | Crear | Archer |
| 13:41 | Crear | Villager (Male) |
| 13:42 | Crear | Villager (Male) |
| 14:14 | Crear | Villager (Male) |
| 14:20 | Crear | Archer |
| 14:24 | Construir | Blacksmith |
| 14:27 | Crear | Archer ×2 |
| 14:27 | Crear | Archer ×2 |
| 14:46 | Crear | Villager (Male) |
| 15:21 | Investigar | Fletching |
| 15:24 | Crear | Archer |
| 15:24 | Crear | Archer |
| 15:36 | Construir | Mining Camp |
| 15:48 | Crear | Villager (Male) |
| 15:48 | Crear | Villager (Male) |
| 15:50 | Construir | Farm |
Build order — 平安喜乐
43 acciones detectadas en el replay
| 2:26 | Construir | Town Center |
| 4:35 | Crear | Villager (Male) |
| 4:35 | Crear | Villager (Male) |
| 4:51 | Crear | Villager (Male) |
| 4:52 | Crear | Villager (Male) |
| 4:52 | Crear | Villager (Male) |
| 5:28 | Construir | House |
| 5:32 | Investigar | Loom |
| 5:32 | Investigar | Loom |
| 5:33 | Crear | Villager (Male) |
| 6:02 | Crear | Villager (Male) |
| 6:02 | Crear | Villager (Male) |
| 6:02 | Crear | Villager (Male) |
| 6:33 | Construir | Lumber Camp |
| 6:53 | Crear | Villager (Male) |
| 6:53 | Crear | Villager (Male) |
| 8:14 | Crear | Villager (Male) |
| 8:15 | Crear | Villager (Male) |
| 8:16 | Crear | Villager (Male) |
| 8:16 | Crear | Villager (Male) |
| 8:19 | Construir | House |
| 8:23 | Construir | House |
| 8:58 | Construir | House |
| 9:24 | Crear | Villager (Male) |
| 9:24 | Crear | Villager (Male) |
| 9:24 | Crear | Villager (Male) |
| 10:26 | Crear | Villager (Male) |
| 10:26 | Crear | Villager (Male) |
| 10:26 | Crear | Villager (Male) |
| 10:32 | Construir | Barracks |
| 11:19 | Crear | Villager (Male) |
| 11:21 | Crear | Militia |
| 11:23 | Construir | House |
| 11:36 | Crear | Militia |
| 11:42 | Crear | Villager (Male) |
| 12:17 | Crear | Villager (Male) |
| 12:47 | Crear | Villager (Male) |
| 13:18 | Investigar | Feudal Age |
| 13:18 | Investigar | Feudal Age |
| 13:57 | Construir | House |
| 15:16 | Crear | Villager (Male) |
| 15:16 | Crear | Villager (Male) |
| 15:28 | Edad | Edad Feudal |
Cronología de la partida
| 6:20 | Raya · wall_segment Palisade Wall x1 |
| 10:32 | 平安喜乐 · first_building Barracks |
| 10:52 | LRNI_UzuI · first_building Barracks |
| 10:55 | LRNI_robotech · first_building Barracks |
| 11:58 | LRNI_robotech · wall_segment Palisade Wall x4 |
| 12:11 | LRNI_UzuI · age_up feudal |
| 12:17 | LRNI_UzuI · first_building Stable |
| 12:47 | LRNI_robotech · age_up feudal |
| 12:50 | LRNI_robotech · first_building Archery Range |
| 13:24 | abduulah4140 · age_up feudal |
| 13:28 | Raya · wall_segment Palisade Wall x4 |
| 13:30 | LRNI_UzuI · wall_segment Palisade Wall x1 |
| 14:32 | Raya · first_building Dock |
| 14:49 | StopUseHack · age_up feudal |
| 14:57 | Raya · age_up feudal |
| 15:28 | 平安喜乐 · age_up feudal |
| 15:53 | abduulah4140 · resign |
| 16:00 | Raya · first_building Barracks |
[ ANÁLISIS IA · 1 CRÉDITO ]
¿Qué pasó realmente en esta partida?
Wolo.gg analiza cada decisión: build order, eco, micro, errores típicos por bracket. Análisis personalizado por WhatsApp o Discord en 30 segundos.
Guía civ
Kitán
Perfil
LRNI_UzuI